 Dungeon Crawl Stone Soup version 0.26-a0-599-gc8f6553 (webtiles) character file.

Game seed: 8593098940161788280

7 B1Gdaddy5 the Vexing (level 1, 0/10 HPs)
             Began as a Deep Elf Enchanter on Aug 29, 2020.
             Was an Initiate of Cheibriados.
             Slain by an ooze (1 damage)
             ... on level 1 of the Dungeon.
             The game lasted 00:06:59 (912 turns).

B1Gdaddy5 the Vexing (Deep Elf Enchanter)            Turns: 912, Time: 00:07:00

Health: 0/10       AC:  3    Str:  6    XL:     1   Next: 91%
Magic:  4/6        EV: 12    Int: 20    God:    Cheibriados [......]
Gold:   0          SH:  0    Dex: 16    Spells: 5/6 levels left

rFire    . . .     SeeInvis .   a - +1 dagger
rCold    . . .     Faith    .   (no shield)
rNeg     . . .     Spirit   .   d - +0 leather armour
rPois    .         Reflect  .   (no helmet)
rElec    .         Harm     .   (no cloak)
rCorr    .                      (no gloves)
MR       .....                  (no boots)
Stlth    ++........             (no amulet)
HPRegen  0.03/turn              (no ring)
MPRegen  0.10/turn              (no ring)

@: slow
A: no striking features
a: Bend Time, Renounce Religion


You were on level 1 of the Dungeon.
You worshipped Cheibriados.
Cheibriados was noncommittal.
You visited 1 branch of the dungeon, and saw 1 of its levels.

Inventory:

Hand Weapons
 a - a +1 dagger (weapon)
Armour
 b - a +0 robe
 c - a scarf of shadows
 d - a +0 leather armour (worn)


   Skills:
 + Level 1.2 Short Blades
 + Level 0.2 Armour
 + Level 2.4 Dodging
 + Level 3.6 Stealth
 + Level 3.3 Spellcasting
 + Level 4.1 Hexes


You had 5 spell levels left.
You knew the following spells:

 Your Spells              Type           Power        Failure   Level
a - Corona                Hex            ###....      3%          1

Your spell library contained the following spells:

 Spells                   Type           Power        Failure   Level
 Confusing Touch          Hex            ###.....     12%         3
 Tukima's Dance           Hex            ###.....     12%         3
 Ensorcelled Hibernation  Hex/Ice        ##....       14%         2
 Dazzling Flash           Conj/Hex       ##....       28%         3


Dungeon Overview and Level Annotations

Branches:
Dungeon (1/15)

Altars:
Cheibriados


Message History

The ooze is lightly wounded.
The ooze closely misses you.
Casting: Corona (safe; 3% risk of failure)
Confirm with . or Enter, or press ? or * to list all spells.
Aiming: Corona (safe; 3% risk of failure)
Press: ? - help, Shift-Dir - straight line, f - ooze
Aim: an ooze (lightly wounded, chance to defeat MR: 59%)
The ooze struggles to resist.
The ooze hits you.
* * * LOW HITPOINT WARNING * * *
You hit the ooze.
The ooze is heavily wounded.
The ooze hits you.
* * * LOW HITPOINT WARNING * * *
You hit the ooze.
The ooze is heavily wounded.
The ooze hits you but does no damage.
You hit the ooze.
The ooze is almost dead.
The ooze hits you.
You die...

#### ..# ..! ..# #.#
.. #.# #. ##.##
#.###..s######
#......hJ@...#
#..##...####.#
#............##.#
#.####...#######..##.#
.........# #..##.##
..##.#..# #..##..#
.......#.# #......#
..#..##....# #..##..#
#.#. ##.#.# #..##..#


You could see an ooze, a jackal and a giant cockroach.

Vanquished Creatures
  3 jackals (D:1)
  A kobold (D:1)
  3 frilled lizards (D:1)
7 creatures vanquished.

Notes
Turn   | Place    | Note
-------+----------+-------------------------------------------
     0 | D:1      | B1Gdaddy5 the Deep Elf Enchanter began the quest for the
                  | Orb.
     0 | D:1      | Reached XP level 1. HP: 10/10 MP: 6/6
     2 | D:1      | Noticed an electric eel
   556 | D:1      | Found a snail-covered altar of Cheibriados.
   567 | D:1      | Became a worshipper of Cheibriados the Contemplative
   912 | D:1      | Slain by an ooze

Illustrated notes

Levels and vault maps discovered:
D:1:      arrival_aquarium_a, layout_loops_ring, cheibriados_altar_1

Action                   || total
-------------------------++-------
Melee: Dagger            ||    53
 Cast: Corona            ||    10
Invok: Bend Time         ||     3
Armor: Leather armour    ||    16
       Robe              ||     3
Dodge: Dodged            ||    55

Table legend: (Time is in decaauts)
 A = Elapsed time spent in this place.
 B = Non-inter-level travel time spent in this place.
 C = Inter-level travel time spent in this place.
 D = Time resting spent in this place.
 E = Time spent auto-exploring this place.
 F = Levels seen in this place.
 G = Mean time per level.
                   A        B        C        D        E       F      G
               +--------+--------+--------+--------+--------+-----+--------+
         Total |    924 |    924 |      0 |    653 |     80 |   1 |  924.0 |
       Dungeon |    924 |    924 |      0 |    653 |     80 |   1 |  924.0 |
               +--------+--------+--------+--------+--------+-----+--------+

Top non-repeatable levels by time:
     D:1: 924 daAuts
